 Dungeon Crawl Stone Soup version 0.30-a0-360-g447f08457e (webtiles) character file.

Game seed: 302596300159966746

11074 Persephone the Ripper (level 11, -1/81 HPs)
             Began as a Felid Berserker on Nov 14, 2022.
             Was a Priest of Trog.
             Slain by a black mamba (2 damage)
             ... on level 3 of the Lair of Beasts.
             The game lasted 00:20:03 (11009 turns).

Persephone the Ripper (Felid Berserker)            Turns: 11009, Time: 00:20:03

Health: -1/81      AC:  2    Str: 13    XL:     11   Next: 44%
Magic:  12/12      EV: 32    Int:  8    God:    Trog [***...]
Gold:   692        SH:  0    Dex: 21    Spells: 10/10 levels left
                                        Lives:  0   Deaths: 3

rFire   . . .      SeeInvis +      - Unarmed
rCold   . . .      Faith    .    (shield unavailable)
rNeg    . . .      Spirit   .    (body armour unavailable)
rPois   +          Reflect  .    (helmet unavailable)
rElec   .          Harm     .    (cloak unavailable)
rCorr   .          Rampage  .    (gloves unavailable)
Will    +++..                    (boots unavailable)
Stlth   ..........               (no amulet)
HPRegen 1.33/turn                f - ring of poison resistance
MPRegen 0.13/turn                w - +4 ring of evasion

@: berserking, strong-willed, regenerating, very quick
A: very small, claws 1, fangs 3, see invisible, speed 1, shaggy fur 2, stealthy
paws, no weapons or thrown items, no armour, multi-lived
a: Renounce Religion, Berserk, Trog's Hand


You were on level 3 of the Lair of Beasts.
You worshipped Trog.
Trog was most pleased with you.
You visited 2 branches of the dungeon, and saw 14 of its levels.

You collected 692 gold pieces.

Inventory:

Jewellery
 c - a ring of protection from fire
 f - a ring of poison resistance (left paw)
 j - a ring of resist corrosion
 w - a +4 ring of evasion (right paw)
 z - a +6 ring of strength
Wands
 s - a wand of polymorph (5)
 D - a wand of light (4)
Scrolls
 g - 5 scrolls of butterflies
 h - 6 scrolls of fear
 k - 5 scrolls of silence
 m - a scroll of summoning
 o - a scroll of enchant armour
 r - a scroll of amnesia
 v - a scroll of poison
 x - 3 scrolls of teleportation
 y - 2 scrolls of magic mapping
 C - 2 scrolls of identify
Potions
 a - 5 potions of magic
 b - 2 potions of attraction
 d - 7 potions of curing
 e - 4 potions of berserk rage
 i - 2 potions of cancellation
 l - 2 potions of might
 n - a potion of degeneration
 p - 2 potions of heal wounds
 q - a potion of flight
 t - a potion of mutation {unknown}
 u - 2 potions of ambrosia
 A - a potion of brilliance {unknown}
 B - a potion of haste {unknown}


   Skills:
 - Level 9.8 Fighting
 - Level 12.5 Dodging
 * Level 15.5 Unarmed Combat


You had 10 spell levels left.
You didn't know any spells.
Your spell library was empty.

Dungeon Overview and Level Annotations

Branches:
Dungeon (11/15)            Temple (0/1) D:6            Lair (3/5) D:10
 Shoals (0/4) Lair:2        Snake (0/4) Lair:3          Orc (0/2) D:11

Altars:
Ashenzari
Elyvilon
Fedhas
Hepliaklqana
Makhleb
Qazlal
Ru
Vehumet
Xom
Yredelemnul
Zin

Annotations:
D:3 Pargi
Lair:2 3 runed translucent doors, Ehaohe's ghost, journeyman DrBe


Innate Abilities, Weirdness & Mutations

You have sharp claws.
You have razor-sharp teeth.
You have supernaturally acute eyesight. (SInv)
You cover ground quickly. (Speed+)
You are covered in thick fur. (AC +2)
Your paws help you pounce on unaware monsters.
You are incapable of wielding weapons or throwing items.
You cannot wear armour.
You gain extra lives every three experience levels.


Message History

* * * LOW HITPOINT WARNING * * *
The black mamba bites you!!
* * * LOW HITPOINT WARNING * * *
You are too injured to fight recklessly!
You are too injured to fight recklessly!
You are too injured to fight recklessly!
You are too injured to fight recklessly!
You are too injured to fight recklessly!
You are too injured to fight recklessly!
You are too injured to fight recklessly!
You are too injured to fight recklessly!
You are too injured to fight recklessly!
You are too injured to fight recklessly!
You are too injured to fight recklessly!
You are too injured to fight recklessly!
You are too injured to fight recklessly!
You are too injured to fight recklessly!
You are too injured to fight recklessly!
You are too injured to fight recklessly!
You are too injured to fight recklessly!
You are too injured to fight recklessly!
You are too injured to fight recklessly!
You are too injured to fight recklessly!
You are too injured to fight recklessly!
You are too injured to fight recklessly!
You are too injured to fight recklessly!
You claw the black mamba!
The black mamba is severely wounded.
The black mamba misses you.
You mangle the black mamba!!
You kill the black mamba!
Trog accepts your kill. The black mamba misses you.
You barely miss the black mamba. The black mamba closely misses you. x2
You mangle the black mamba!!
The black mamba is heavily wounded.
The black mamba bites you.
* * * LOW HITPOINT WARNING * * *
The black mamba bites you.
You die...

#.P...P ###
#.....
.P##.>..# #
....P..##.#
........
...P. #SS#
#@# ##.##
##...#
#....#
##...#
#.P###
#....######
###P.<.#.P##
###......#


You could see 2 black mambas.

Vanquished Creatures
  A boulder beetle (Lair:1)
  A two-headed ogre (D:8)
  Pikel (D:6)
  3 black mambas
  5 cane toads
  Maggie (Lair:1)
  2 unseen horrors
  3 komodo dragons
  A rime drake (Lair:2)
  Grinder (D:3)
  A hornet (D:7)
  A polar bear (Lair:2)
  A snapping turtle (Lair:2)
  A shadow (D:9)
  A wyvern (D:9)
  A basilisk (Lair:1)
  37 yaks
  Edmund (D:4)
  The ghost of pokeman the Magician, an amateur DEHW (D:4)
  6 water moccasins
  An orc warrior (D:10)
  3 black bears
  An ice beast (D:5)
  A sky beast (D:3)
  3 ogres
  The ghost of hikkokomori the Shooter, an amateur BaHs of Okawaru (D:4)
  2 centaurs
  3 kobold brigands
  9 bullfrogs
  2 necrophages
  3 scorpions
  13 wights
  8 killer bees
  4 howler monkeys
  2 electric eels
  3 hounds (D:5)
  A jelly (D:7)
  2 orc priests (D:5)
  4 iguanas
  13 orc wizards
  A gnoll (D:4)
  5 adders
  2 worms
  3 dart slugs
  19 orcs
  4 ball pythons
  2 bats
  6 endoplasms
  4 giant cockroaches
  5 goblins
  9 hobgoblins
  4 jackals (D:5)
  19 kobolds
  A frilled lizard (D:3)
  3 rats
236 creatures vanquished.

Vanquished Creatures (others)
  8 fungi
  6 plants
14 creatures vanquished.

Grand Total: 250 creatures vanquished

Notes
Turn   | Place    | Note
-------+----------+-------------------------------------------
     0 | D:1      | Persephone the Felid Berserker began the quest for the Orb.
     0 | D:1      | Reached XP level 1. HP: 10/10 MP: 2/2
    67 | D:1      | Found a faded altar of an unknown god.
   195 | D:1      | Reached XP level 2. HP: 14/14 MP: 3/3
   571 | D:2      | Reached ** piety under Trog
   674 | D:2      | Reached XP level 3. HP: 15/17 MP: 4/4
   969 | D:3      | Noticed Pargi
   970 | D:3      | Noticed a sky beast
   982 | D:3      | Noticed Grinder
  1163 | D:3      | Killed Grinder
  1164 | D:3      | Reached skill level 4 in Unarmed Combat
  1164 | D:3      | Reached XP level 4. HP: 7/22 MP: 5/5
  1164 | D:3      | Reached XP level 5. HP: 8/25 MP: 6/6
  1228 | D:3      | Killed a sky beast
  1229 | D:3      | Gained mutation: You are covered in thick fur. (AC +2)
                  | [Felid growth]
  1229 | D:3      | Reached XP level 6. HP: 26/30 MP: 7/7
  1262 | D:3      | Found a radiant altar of Vehumet.
  1601 | D:3      | Found a hazy altar of Hepliaklqana.
  1615 | D:3      | Found a sacrificial altar of Ru.
  1652 | D:4      | Reached skill level 5 in Fighting
  1652 | D:4      | Reached skill level 5 in Unarmed Combat
  1714 | D:4      | Found a stormy altar of Qazlal.
  1894 | D:4      | Killed from afar by a dart slug
  1895 | D:4      | Reached XP level 5. HP: 0/26 MP: 6/6
  1935 | D:4      | Found a white marble altar of Elyvilon.
  1950 | D:4      | Noticed an ogre
  1959 | D:4      | Killed an ogre
  1960 | D:4      | Reached XP level 6. HP: 30/30 MP: 7/7
  2131 | D:4      | Noticed Edmund
  2137 | D:4      | Killed Edmund
  2432 | D:4      | Found a runed translucent gate.
  2432 | D:4      | Found a runed translucent gate.
  2432 | D:4      | Found a runed translucent gate.
  2436 | D:4      | Noticed hikkokomori's ghost (amateur BaHs)
  2436 | D:4      | Noticed pokeman's ghost (amateur DEHW)
  2447 | D:4      | Killed pokeman's ghost
  2448 | D:4      | Reached XP level 7. HP: 34/34 MP: 8/8
  2451 | D:4      | Killed hikkokomori's ghost
  2543 | D:5      | Entered Level 5 of the Dungeon
  2561 | D:5      | Reached skill level 6 in Unarmed Combat
  2935 | D:5      | Reached XP level 8. HP: 24/39 MP: 9/9
  3124 | D:5      | You fall into a shaft and drop 3 floors!
  3297 | D:7      | Found a broken altar of Ashenzari.
  3409 | D:6      | Noticed Pikel
  3422 | D:6      | Reached skill level 7 in Unarmed Combat
  3427 | D:6      | Killed Pikel
  3600 | D:6      | Reached skill level 10 in Dodging
  3600 | D:6      | Reached XP level 9. HP: 40/43 MP: 10/10
  3716 | D:6      | Found a staircase to the Ecumenical Temple.
  4312 | D:6      | Found a shimmering altar of Xom.
  4403 | D:7      | Identified the +0 helmet of Hide-and-Seek {Drain rCorr
                  | Str+8 Int-2}
  4493 | D:7      | Paralysed by a hornet for 3 turns
  4498 | D:7      | Reached skill level 8 in Unarmed Combat
  5089 | D:8      | Reached *** piety under Trog
  5195 | D:8      | Reached skill level 9 in Unarmed Combat
  5206 | D:8      | Reached XP level 10. HP: 6/49 MP: 11/11
  5207 | D:8      | Slain by a yak
  5208 | D:8      | Reached XP level 9. HP: 0/45 MP: 10/10
  5247 | D:8      | HP: 1/43 [yak (9)]
  5493 | D:8      | Noticed a two-headed ogre
  5501 | D:8      | Killed a two-headed ogre
  5574 | D:8      | Found a glowing silver altar of Zin.
  5679 | D:8      | Found a blossoming altar of Fedhas.
  5864 | D:9      | Reached skill level 10 in Unarmed Combat
  5864 | D:9      | Reached XP level 10. HP: 50/50 MP: 11/11
  6478 | D:9      | Reached skill level 11 in Unarmed Combat
  6982 | D:10     | Entered Level 10 of the Dungeon
  7205 | D:10     | Reached skill level 12 in Unarmed Combat
  7265 | D:10     | Found a burning altar of Makhleb.
  7304 | D:10     | Found a basalt altar of Yredelemnul.
  7653 | D:10     | Reached XP level 11. HP: 54/54 MP: 12/12
  8027 | D:10     | Found a staircase to the Lair.
  8405 | D:11     | Found a staircase to the Orcish Mines.
  8468 | D:11     | Mangled by a manticore
  8469 | D:11     | Reached XP level 10. HP: -7/51 MP: 11/11
  8512 | Lair:1   | Entered Level 1 of the Lair of Beasts
  8524 | Lair:1   | Noticed a cane toad
  8534 | Lair:1   | Killed a cane toad
  8567 | Lair:1   | Reached skill level 13 in Unarmed Combat
  8646 | Lair:1   | Noticed a cane toad
  8658 | Lair:1   | Killed a cane toad
  8780 | Lair:1   | Noticed a boulder beetle
  8849 | Lair:1   | Killed a boulder beetle
  8982 | Lair:1   | Noticed a cane toad
  8994 | Lair:1   | Killed a cane toad
  9136 | Lair:1   | Noticed Maggie
  9147 | Lair:1   | Killed Maggie
  9148 | Lair:1   | Reached skill level 14 in Unarmed Combat
  9479 | Lair:2   | Noticed a black mamba
  9491 | Lair:2   | Killed a black mamba
  9496 | Lair:2   | Reached XP level 11. HP: 42/54 MP: 12/12
  9909 | Lair:2   | Noticed a death yak
  9918 | Lair:2   | Found a runed translucent gate.
  9918 | Lair:2   | Found a runed translucent gate.
  9919 | Lair:2   | Found a runed translucent gate.
  9919 | Lair:2   | Noticed Ehaohe's ghost (journeyman DrBe)
  9920 | Lair:2   | Noticed a catoblepas
 10005 | Lair:2   | Reached skill level 15 in Unarmed Combat
 10364 | Lair:2   | Found a staircase to the Shoals.
 10992 | Lair:3   | Found a staircase to the Snake Pit.
 11009 | Lair:3   | HP: 1/81 [black mamba (6)]
 11009 | Lair:3   | Slain by a black mamba

Illustrated notes

Levels and vault maps discovered:
D:1:      dpeg_arrival_three_same_balls, layout_basic,
          dreamdust_ecumenical_altar_statues
D:2:      layout_rooms
D:3:      layout_basic, worldfamousw_hep_ancestral_shrine,
          grunt_temple_overflow_open, uniq_grinder, uniq_pargi
D:4:      layout_loops_ring, nicolae_elyvilon_peaceful_grove,
          mainiacjoe_overflow_24_doors, gammafunk_ghost_cemetery, minmay_cupped,
          uniq_edmund
D:5:      wander_river, layout_rooms
D:6:      layout_loops_cross, mainiacjoe_overflow_brackets,
          minmay_temple_entry_crystal_x, uniq_pikel
D:7:      layout_loops_ring, ashenzari_conservatory_becter, minivault_26
D:8:      layout_rooms, mainiacjoe_overflow_surrounded_room,
          mainiacjoe_overflow_concentric_impassable
D:9:      minmay_flawed_box, layout_cave_pods
D:10:     layout_stronghold, nicolae_overflow_squiral,
          grunt_lair_entry_orc_guard_hut
D:11:     layout_gridville, orc_0_dummy, tgw_sif, uniq_sonja
Lair:1:   layout_gridlike, uniq_maggie
Lair:2:   layout_cave_pods, minmay_shoals_entry_hut, gammafunk_ghost_split,
          patterned_corridor
Lair:3:   layout_cave_pods, minmay_snake_entry_six_corridors

Skill      XL: |  1  2  3  4  5  6  7  8  9 10 11 |
---------------+----------------------------------+-----
Fighting       | 4 5 6 7 9 |  9.8
Dodging        | 6 7 8 10 12 | 12.5
Unarmed Combat | 4 5 6 7 10 14 15 | 15.5

Action                   |  1- 3 |  4- 6 |  7- 9 | 10-12 || total
-------------------------+-------+-------+-------+-------++-------
Melee: Unarmed           |    80 |    69 |   369 |   424 ||   942
       Bite              |     8 |     9 |    43 |    68 ||   128
       Punch             |     6 |     3 |    17 |    36 ||    62
Invok: Berserk           |     1 |     5 |    12 |    13 ||    31
       Trog's Hand       |       |       |     6 |    17 ||    23
  Use: Scroll            |     3 |     5 |     8 |     8 ||    24
 Stab: Sleeping          |     1 |     2 |     1 |     2 ||     6
Armor: Skin              |     9 |     3 |     8 |     4 ||    24
Dodge: Dodged            |    79 |    52 |   354 |   410 ||   895

Table legend: (Time is in decaauts)
 A = Elapsed time spent in this place.
 B = Non-inter-level travel time spent in this place.
 C = Inter-level travel time spent in this place.
 D = Time resting spent in this place.
 E = Time spent auto-exploring this place.
 F = Levels seen in this place.
 G = Mean time per level.
                   A        B        C        D        E       F      G
               +--------+--------+--------+--------+--------+-----+--------+
         Total |   9669 |   9356 |    313 |      0 |   7651 |  14 |  690.6 |
       Dungeon |   7442 |   7150 |    292 |      0 |   5782 |  11 |  676.5 |
          Lair |   2227 |   2206 |     21 |      0 |   1868 |   3 |  742.3 |
               +--------+--------+--------+--------+--------+-----+--------+

Top non-repeatable levels by time:
  Lair:2: 1257 daAuts
    D:10: 1220 daAuts
     D:9: 1060 daAuts
     D:7: 980 daAuts
  Lair:1: 925 daAuts
     D:4: 795 daAuts
     D:6: 707 daAuts
     D:5: 680 daAuts
     D:3: 572 daAuts
     D:8: 539 daAuts
     D:2: 406 daAuts
     D:1: 400 daAuts
    D:11: 78 daAuts
  Lair:3: 44 daAuts
